 Dungeon Crawl Stone Soup version 0.29-a0-643-ga013cefcf8 (webtiles) character file.

Game seed: 4040065277642792818

568 enile the Charlatan (level 7, 0/69 HPs)
             Began as an Octopode Wanderer on June 20, 2022.
             Was a Priest of Kikubaaqudgha.
             Slain by an orc priest
             ... wielding a +0 trident
              (5 damage)
             ... on level 6 of the Dungeon.
             The game lasted 00:10:47 (6653 turns).

enile the Charlatan (Octopode Wanderer)             Turns: 6653, Time: 00:10:48

Health: 0/69       AC:  1    Str:  9    XL:     7   Next: 33%
Magic:  7/10       EV: 13    Int: 17    God:    Kikubaaqudgha [***...]
Gold:   248        SH:  8    Dex: 13    Spells: 8/10 levels left

rFire   . . .      SeeInvis .   a - +3 hunting sling (vorpal)
rCold   . . .      Faith    .   k - +0 buckler
rNeg    . . .      Spirit   .   b - +0 hat
rPois   .          Reflect  +   d - amulet of reflection
rElec   .          Harm     .   (no ring)
rCorr   .          Rampage  .   (no ring)
Will    .....                   (no ring)
Stlth   ..........              (no ring)
HPRegen 0.21/turn               (no ring)
MPRegen 0.12/turn               (no ring)
                                (no ring)
                                (no ring)

@: berserking, about to teleport, very slightly contaminated, very quick
A: almost no armour, amphibious, 8 rings, camouflage 1, gelatinous body 1,
(nimble swimmer 1), tentacles
a: Renounce Religion, Unearth Wretches


You were on level 6 of the Dungeon.
You worshipped Kikubaaqudgha.
Kikubaaqudgha was most pleased with you.
You visited 1 branch of the dungeon, and saw 6 of its levels.
You also visited: Sewer and Ossuary.

You collected 248 gold pieces.

Inventory:

Hand Weapons
 a - a +3 vorpal hunting sling (weapon)
 i - a +0 fustibalus
Armour
 b - a +0 hat (worn)
 k - a +0 buckler (worn)
Jewellery
 d - an amulet of reflection (around mantle)
 t - an amulet of regeneration
Wands
 e - a wand of paralysis (12)
 l - a wand of mindburst (32)
Scrolls
 o - 2 scrolls of identify
 r - 3 scrolls of amnesia
 s - 2 scrolls of teleportation
Potions
 c - a potion of berserk rage
 f - 3 potions of curing
 g - 4 potions of attraction
 h - 3 potions of haste
 j - 4 potions of might {unknown}
 m - a potion of lignification {unknown}
 n - 2 potions of resistance {unknown}
 p - 2 potions of flight {unknown}
 q - a potion of heal wounds {unknown}
 u - 2 potions of degeneration {unknown}


   Skills:
 + Level 3.5 Fighting
 - Level 2.0 Slings
 - Level 4.0 Dodging
 - Level 1.4 Stealth
 - Level 2.0 Spellcasting
 - Level 4.0 Necromancy
 - Level 1.0 Earth Magic
 - Level 5.0 Evocations


You had 8 spell levels left.
You knew the following spells:

 Your Spells              Type           Power      Damage    Failure   Level
a - Necrotize             Necr           60%        1d7       4%          1
b - Sandblast             Erth           10%        2d5       17%         1

Your spell library contained the following spells:

 Spells                   Type           Power      Damage    Failure   Level
 Sublimation of Blood     Necr           15%        N/A       8%          2
 Freeze                   Ice            4%         1d3       26%         1
 Animate Dead             Necr           15%        N/A       45%         4
 Dispel Undead            Necr           15%        3d10      45%         4
 Stone Arrow              Conj/Erth      6%         3d7       54%         3
 Frozen Ramparts          Ice            2%         1d2       61%         3
 Anguish                  Hex/Necr       4%         N/A       75%         4
 Agony                    Necr           15%        N/A       80%         5
 Corpse Rot               Necr/Pois/Air  6%         N/A       83%         4
 Petrify                  Tmut/Erth      3%         N/A       91%         4
 Hailstorm                Conj/Ice       1%         3d3       95%         4
 Borgnjor's Vile Clutch   Necr/Erth      5%         N/A       95%         5
 Irradiate                Conj/Tmut      0%         3d13      100%        5
 Death Channel            Necr           7%         N/A       100%        6


Dungeon Overview and Level Annotations

Branches:
Dungeon (6/15)             Temple (0/1) D:5           Sewer (visited)
Ossuary (visited)

Altars:
Elyvilon
Fedhas
Kikubaaqudgha

Annotations:
D:6 Duvessa


Innate Abilities, Weirdness & Mutations

You cannot wear most types of armour.
You are amphibious.
You can wear up to eight rings at the same time.
Your skin changes colour to match your surroundings (Stealth+).
Your rubbery body absorbs attacks. (AC +1, EV +1)
((You are camouflaged when in or above water. (Stealth+)))
You have tentacles for arms and can constrict up to eight enemies at once.


Message History

Casting: Necrotize (safe; 4% risk of failure)
Confirm with . or Enter, or press ? or * to list all spells.
Aiming: Necrotize (safe; 4% risk of failure)
Press: ? - help, Shift-Dir - straight line, f/p - orc
Aim: an orc, wielding a +0 club and quivering boomerangs (almost dead, chance to affect: 85%)
The orc barely resists.
You block the orc's attack.
The orc wizard points at you and mumbles some strange words.
The puff of flame hits you!
Casting: Necrotize (safe; 4% risk of failure)
Confirm with . or Enter, or press ? or * to list all spells.
Aiming: Necrotize (safe; 4% risk of failure)
Press: ? - help, Shift-Dir - straight line, f/p - orc
Aim: an orc, wielding a +0 club and quivering boomerangs (almost dead, chance to affect: 85%)
You miscast Necrotize.
You are very lightly contaminated with residual magic.
Nothing appears to happen.
The orc priest hits you from afar with a +0 trident!
The orc closely misses you. You block the orc's attack.
The orc wizard attacks as you move away!
The orc wizard closely misses you. The orc closely misses you. x2
The orc wizard casts a spell at you. The puff of flame hits you!
* * * LOW HITPOINT WARNING * * *
Okay, then.
Okay, then.
Okay, then.
As you read the scroll of teleportation, it crumbles to dust.
You feel strangely unstable. You block the orc's attack.
The orc barely misses you.
You feel better. The orc hits you with a +0 club.
* * * LOW HITPOINT WARNING * * *
The orc hits you with a +0 hand axe.
* * * LOW HITPOINT WARNING * * *
The orc wizard barely misses you.
Do you really want to go berserk while wielding your +3 vorpal hunting sling?
A red film seems to cover your vision as you go berserk!
You feel yourself moving faster!
You feel mighty!
The orc priest hits you from afar with a +0 trident.
You die...
Kikubaaqudgha rasps: "You have failed me!
Welcome... death!"

... # ..<
.# # ... .#
#.#.#..
.#.#. .o.
##o##
##ooo##
##..@..##
#.......#
#........#
#.........+
#.........#
##.......##
##.....##
##...##
##+##


You could see an orc priest, an orc wizard and 3 orcs.

Vanquished Creatures
  Sigmund (D:3)
  A centaur zombie (Ossuary)
  2 human zombies (Ossuary)
  An orc priest (D:4)
  2 iguanas
  A hell rat (Sewer)
  2 mummies (Ossuary)
  3 gnolls (D:4)
  6 adders
  A river rat (Sewer)
  2 worms
  2 dart slugs
  5 orcs
  3 endoplasms
  3 giant cockroaches
  2 goblins
  11 hobgoblins
  4 jackals (D:1)
  4 quokkas
  A ball python (D:4)
  3 bats
  4 frilled lizards
  3 goblin zombies (Ossuary)
  11 hobgoblin zombies (Ossuary)
  6 kobolds
  12 kobold zombies (Ossuary)
  6 orc zombies (Ossuary)
  10 rats
  3 rat zombies
115 creatures vanquished.

Vanquished Creatures (collateral kills)
  A giant cockroach (D:5)
1 creature vanquished.

Vanquished Creatures (others)
  2 fungi
2 creatures vanquished.

Grand Total: 118 creatures vanquished

Notes
Turn   | Place    | Note
-------+----------+-------------------------------------------
     0 | D:1      | enile the Octopode Wanderer began the quest for the Orb.
     0 | D:1      | enile set off with the following items: a +2 hunting sling,
                  | a +0 hat, a potion of berserk rage; and the following spell
                  | memorised: Sandblast; and the following spells available to
                  | memorise: Stone Arrow.
     0 | D:1      | Reached XP level 1. HP: 13/13 MP: 2/2
    64 | D:1      | Reached XP level 2. HP: 19/19 MP: 1/3
   237 | D:1      | Found a faded altar of an unknown god.
   241 | D:1      | Prayed at the altar of an unknown god.
   241 | D:1      | Became a worshipper of Kikubaaqudgha
   241 | D:1      | Reached * piety under Kikubaaqudgha
   241 | D:1      | Received a gift from Kikubaaqudgha
   707 | D:1      | Learned a level 1 spell: Necrotize
   780 | D:1      | Reached XP level 3. HP: 24/24 MP: 5/5
  1894 | D:3      | Reached skill level 1 in Necromancy
  2512 | D:3      | Reached XP level 4. HP: 29/29 MP: 5/7
  2524 | D:3      | HP: 1/29 [orc/+0 short sword (6)]
  2539 | D:3      | Reached ** piety under Kikubaaqudgha
  3177 | D:3      | Noticed Sigmund
  3179 | D:3      | Killed Sigmund
  3180 | D:3      | Reached skill level 2 in Evocations
  3180 | D:3      | Reached XP level 5. HP: 34/34 MP: 8/8
  3223 | D:4      | Reached XP level 6. HP: 39/39 MP: 9/9
  3237 | D:4      | Reached skill level 3 in Evocations
  3376 | D:4      | Found a white marble altar of Elyvilon.
  4123 | D:4      | Noticed an orc warrior
  4325 | D:3      | Reached skill level 4 in Evocations
  4371 | D:5      | Entered Level 5 of the Dungeon
  4418 | D:5      | Found a staircase to the Ecumenical Temple.
  4492 | D:5      | Found a blossoming altar of Fedhas.
  4629 | D:5      | Found a glowing drain.
  4719 | Sewer    | Entered a sewer
  5751 | D:6      | Noticed Duvessa
  5790 | D:6      | Found a sand-covered staircase.
  5797 | Ossuary  | Entered an ossuary
  5807 | Ossuary  | Reached skill level 5 in Evocations
  5818 | Ossuary  | Learned a level 1 spell: Sandblast
  5878 | Ossuary  | Reached XP level 7. HP: 42/42 MP: 5/10
  6076 | Ossuary  | Reached *** piety under Kikubaaqudgha
  6076 | Ossuary  | Received a gift from Kikubaaqudgha
  6653 | D:6      | Slain by an orc priest

Illustrated notes

Levels and vault maps discovered:
D:1:      psy_arrival_statuary, layout_basic, dreamdust_ecumenical_altar_grove
D:2:      layout_basic
D:3:      layout_loops_ring, serial_bayou_lagoon_a, kennysheep_generic_room_12,
          uniq_sigmund
D:4:      layout_rooms, mainiacjoe_overflow_boulevard, hex_intersection
D:5:      layout_loops_ring, fedhas_altar_fruit_tree, minmay_temple_entry_tees,
          gup_sewer_entry_glass
D:6:      kb_forest_paths, layout_loops_corners, enter_ossuary_4,
          kennysheep_minor_cross, uniq_duvessa

Skill      XL: |  1  2  3  4  5  6  7 |
---------------+----------------------+-----
Fighting       | 2 3 |  3.5
Spellcasting   | 2 |  2.0
Necromancy     | 2 4 |  4.0
Evocations     | 2 5 |  5.0
Slings         | |  2.0
Dodging        | |  4.0
Stealth        | |  1.4
Earth Magic    | |  1.0

Action                   |  1- 3 |  4- 6 |  7- 9 || total
-------------------------+-------+-------+-------++-------
 Fire: Hunting sling     |   102 |   117 |   123 ||   342
       Fustibalus        |       |    30 |       ||    30
 Cast: Sandblast         |    14 |     3 |       ||    17
       Necrotize         |     9 |    22 |     4 ||    35
Evoke: Wand              |       |     3 |       ||     3
  Use: Scroll            |     1 |    10 |     3 ||    14
       Potion            |       |     4 |     2 ||     6
Armor: Skin              |     9 |     2 |     5 ||    16
Dodge: Dodged            |    52 |    66 |    25 ||   143
Block: Buckler           |       |    28 |    22 ||    50

Table legend: (Time is in decaauts)
 A = Elapsed time spent in this place.
 B = Non-inter-level travel time spent in this place.
 C = Inter-level travel time spent in this place.
 D = Time resting spent in this place.
 E = Time spent auto-exploring this place.
 F = Levels seen in this place.
 G = Mean time per level.
                   A        B        C        D        E       F      G
               +--------+--------+--------+--------+--------+-----+--------+
         Total |   6822 |   6556 |    266 |    515 |   4791 |   8 |  852.8 |
       Dungeon |   5679 |   5413 |    266 |    515 |   4018 |   6 |  946.5 |
         Sewer |    430 |    430 |      0 |      0 |    308 |   1 |  430.0 |
       Ossuary |    711 |    711 |      0 |      0 |    465 |   1 |  711.0 |
               +--------+--------+--------+--------+--------+-----+--------+

Top non-repeatable levels by time:
     D:3: 1504 daAuts
     D:4: 1037 daAuts
     D:1: 1005 daAuts
     D:2: 923 daAuts
     D:5: 910 daAuts
 Ossuary: 711 daAuts
   Sewer: 430 daAuts
     D:6: 298 daAuts
